 Dungeon Sprint DCSS version 0.29-a0-925-g0a7a3d12f8 (webtiles) character file.

Game seed: 2945988552978203614

253 Hipnos the Carver (level 6, -1/56 HPs)
             Began as a Gnoll Chaos Knight on July 29, 2022.
             Was a Plaything of Xom.
             Slain by a sixfirhy (11 damage)
             ... in the Dungeon (Sprint II: "The Violet Keep of Menkaure").
             The game lasted 00:00:25 (27 turns).

Hipnos the Carver (Gnoll Chaos Knight)                Turns: 27, Time: 00:00:27

Health: -1/56      AC:  5    Str: 11      XL:     6   Next: 14%
Magic:  2/12       EV: 13    Int: 12 (14) God:    Xom [*.....]
Gold:   0          SH:  0    Dex: 11      Spells: 13/13 levels left

rFire   . . .      SeeInvis .   a - +0 falchion (chaos)
rCold   . . .      Faith    .   (no shield)
rNeg    . . .      Spirit   .   b - +2 leather armour
rPois   .          Reflect  .   (no helmet)
rElec   .          Harm     .   (no cloak)
rCorr   .          Rampage  .   (no gloves)
Will    .....      Rage     3%  (no boots)
Stlth   ++........ NoTele   +   (no amulet)
HPRegen 0.18/turn               (no ring)
MPRegen 0.13/turn               (no ring)

@: on berserk cooldown, slowed, very slow
A: fangs 1, strong nose, distributed training, berserk 1, deterioration 1
a: Renounce Religion


You were in the Dungeon.
You worshipped Xom.
You were a special plaything of Xom.
You visited 1 branch

Inventory:

Hand Weapons
 a - a +0 falchion of chaos (weapon)
Armour
 b - a +2 leather armour (worn)
Scrolls
 i - a scroll of blinking
Potions
 d - a potion of curing
 e - a potion of heal wounds
 f - a potion of haste
 g - 2 potions of magic
Miscellaneous
 c - a piece from Xom's chessboard (15/15) (quivered)


   Skills:
 + Level 8.0 Fighting
 + Level 4.3 Short Blades
 + Level 8.0 Long Blades
 + Level 4.3 Axes
 + Level 4.3 Maces & Flails
 + Level 4.3 Polearms
 + Level 4.3 Staves
 + Level 4.3 Ranged Weapons
 + Level 4.3 Throwing
 + Level 6.4 Armour
 + Level 5.1 Dodging
 + Level 4.3 Stealth
 + Level 4.3 Shields
 + Level 4.3 Unarmed Combat
 + Level 4.3 Spellcasting
 + Level 3.6 Conjurations
 + Level 3.6 Hexes
 + Level 3.6 Summonings
 + Level 3.6 Necromancy
 + Level 3.6 Translocations
 + Level 3.6 Transmutations
 + Level 3.6 Fire Magic
 + Level 3.6 Ice Magic
 + Level 3.6 Air Magic
 + Level 3.6 Earth Magic
 + Level 3.6 Poison Magic
 + Level 4.8 Invocations
 + Level 4.3 Evocations


You had 13 spell levels left.
You didn't know any spells.
Your spell library was empty.

Dungeon Overview and Level Annotations

Branches:
Dungeon (1/1)

Altars:


Innate Abilities, Weirdness & Mutations

You have very sharp teeth.
Your uncanny sense of smell can sniff out nearby items.
Your experience applies equally to all skills.
You sometimes lose your temper in combat.
Your body sometimes deteriorates upon taking damage.


Message History

Found 243 gold pieces.
You feel a strong urge to attack something.
A neqoxec comes into view.
You are no longer berserk.
You are exhausted.
You feel yourself slow down.
The neqoxec shouts!
You hit the neqoxec. You bite the neqoxec, but do no damage.
The neqoxec is lightly wounded.
The neqoxec gestures at you.
Something tries to feed on your intellect!
You hit the neqoxec but do no damage.
The neqoxec is lightly wounded.
The neqoxec closely misses you.
You barely miss the neqoxec.
The neqoxec is lightly wounded.
The neqoxec gestures at you.
You feel dopey. Something feeds on your intellect!
Xom is amused.
The neqoxec gestures at you.
Strange energies course through your body.
You feel yourself wasting away.
You hit the neqoxec.
The neqoxec goes berserk!
Xom is highly amused!
The neqoxec is moderately wounded.
The neqoxec hits you but does no damage.
The neqoxec hits you.
You closely miss the neqoxec.
The neqoxec is moderately wounded.
You hear Xom's avuncular chuckle.
The neqoxec evaporates and reforms as a sixfirhy!
You hit the sixfirhy.
The sixfirhy seems to grow stronger.
The sixfirhy is lightly wounded.
The sixfirhy hits you. The sixfirhy shocks you!
The sixfirhy barely misses you. x2
The sixfirhy hits you. The sixfirhy shocks you! The sixfirhy hits you!
* * * LOW HITPOINT WARNING * * *
The sixfirhy shocks you!
You die...
Xom is highly amused!

∆ ∆ ∆ ∆ ##
## #+#
#.##..#∆
##.###..#..#
∆ ∆
+.<.'##3'..#
##.##.#@#
#+###.## ###
∆ ∆


You could see a sixfirhy (strong).

Vanquished Creatures
  2 neqoxecs (D)
2 creatures vanquished.

Notes
Turn   | Place    | Note
-------+----------+-------------------------------------------
     0 | D        | Hipnos the Gnoll Chaos Knight began the quest for the Orb.
     0 | D        | Reached XP level 1. HP: 23/23 MP: 1/1
     1 | D        | Noticed a neqoxec
     1 | D        | Noticed a neqoxec
     5 | D        | Gained mutation: You sometimes lose your temper in combat.
                  | [a neqoxec]
    10 | D        | Killed a neqoxec
    10 | D        | XOM: potion effect (heal wounds)
    11 | D        | Reached skill level 5 in Armour
    11 | D        | Reached XP level 2. HP: 31/31 MP: 1/6
    11 | D        | Reached XP level 3. HP: 36/36 MP: 1/7
    11 | D        | Reached XP level 4. HP: 43/43 MP: 1/9
    11 | D        | Reached XP level 5. HP: 48/48 MP: 1/10
    18 | D        | Killed a neqoxec
    19 | D        | Reached skill level 5 in Dodging
    19 | D        | Reached XP level 6. HP: 56/56 MP: 1/12
    21 | D        | Noticed a neqoxec
    24 | D        | Gained mutation: Your body sometimes deteriorates upon
                  | taking damage. [a neqoxec]
    26 | D        | Noticed a sixfirhy
    26 | D        | a neqoxec changed into a sixfirhy
    26 | D        | XOM: polymorph neqoxec -> sixfirhy
    27 | D        | Slain by a sixfirhy

Illustrated notes

Levels and vault maps discovered:
D:        the_violet_keep_of_menkaure [sprint2_stairs_cluster_1,
          sprint2_shoproom, sprint2_temple, sprint2_basic_supplies,
          sprint2_obstacle_7, sprint2_obstacle_5, sprint2_obstacle_2,
          sprint2_obstacle_6, sprint2_obstacle_4, sprint2_timed_cluster_1,
          sprint2_smallroom_cluster_1, sprint2_smallroom_final_cluster_1,
          sprint2_transparent_cluster_1, sprint2_second_timed_cluster_1,
          sprint2_sniper_area_1, sprint2_heavy_combat_area_1,
          sprint2_mutation_trap_area_1, sprint2_forest_area_1,
          sprint2_light_combat_area_1, sprint2_behind_water_1,
          sprint2_near_end_vault_1]

Skill      XL: |  1  2  3  4  5 |
---------------+----------------+-----
Fighting       | 7 8 |  8.0
Short Blades   | 3 4 |  4.3
Long Blades    | 7 8 |  8.0
Axes           | 3 4 |  4.3
Maces & Flails | 3 4 |  4.3
Polearms       | 3 4 |  4.3
Staves         | 3 4 |  4.3
Ranged Weapons | 3 4 |  4.3
Throwing       | 3 4 |  4.3
Armour         | 5 6 |  6.4
Dodging        | 4 5 |  5.1
Stealth        | 3 4 |  4.3
Shields        | 3 4 |  4.3
Unarmed Combat | 3 4 |  4.3
Spellcasting   | 3 4 |  4.3
Conjurations   | 2 3 |  3.6
Hexes          | 2 3 |  3.6
Summonings     | 2 3 |  3.6
Necromancy     | 2 3 |  3.6
Translocations | 2 3 |  3.6
Transmutations | 2 3 |  3.6
Fire Magic     | 2 3 |  3.6
Ice Magic      | 2 3 |  3.6
Air Magic      | 2 3 |  3.6
Earth Magic    | 2 3 |  3.6
Poison Magic   | 2 3 |  3.6
Invocations    | 3 4 |  4.8
Evocations     | 3 4 |  4.3

Action                   |  1- 3 |  4- 6 || total
-------------------------+-------+-------++-------
Melee: Falchion          |     8 |    13 ||    21
       Bite              |       |     2 ||     2
  Use: Potion            |     1 |       ||     1
Armor: Leather armour    |     1 |     1 ||     2
Dodge: Dodged            |     1 |     5 ||     6

Table legend: (Time is in decaauts)
 A = Elapsed time spent in this place.
 B = Non-inter-level travel time spent in this place.
 C = Inter-level travel time spent in this place.
 D = Time resting spent in this place.
 E = Time spent auto-exploring this place.
 F = Levels seen in this place.
 G = Mean time per level.
                   A        B        C        D        E       F      G
               +--------+--------+--------+--------+--------+-----+--------+
         Total |     21 |     21 |      0 |      0 |      0 |   1 |   21.0 |
       Dungeon |     21 |     21 |      0 |      0 |      0 |   1 |   21.0 |
               +--------+--------+--------+--------+--------+-----+--------+

Top non-repeatable levels by time:
       D: 21 daAuts
